 Dungeon Crawl Stone Soup version 0.31-a0-983-g7b6862f502 (webtiles) character file.

Game seed: 14560857177091226627

54 CowFu the Ruffian (level 3, -12/28 HPs)
             Began as a Draconian Shapeshifter on Nov 2, 2023.
             Mangled by an ice beast (14 damage)
             ... on level 3 of the Dungeon.
             The game lasted 00:02:59 (1507 turns).

CowFu the Ruffian (Draconian Shapeshifter)          Turns: 1507, Time: 00:03:00

Health: -12/28     AC:  5    Str: 18    XL:     3   Next: 66%
Magic:  3/3        EV: 12    Int: 10    God:
Gold:   97         SH:  0    Dex: 10    Spells: 2/2 levels left

rFire   . .          .
                       - Unarmed
rCold   . . .        (no shield)
rNeg    . . .        (body armour unavailable)
rPois   .            (helmet currently unavailable)
rElec   .            (cloak currently unavailable)
rCorr   .            (gloves currently unavailable)
SInv    .            (boots currently unavailable)
Will    .....        (no amulet)
Stlth   +            (no ring)
HPRegen 0.24/turn    (no ring)
MPRegen 0.08/turn

%: no passive effects
@: beast-form, slowed, very slow
A: beast (slay +2), AC +5, unfitting armour, cold-blooded
a: Begin Untransformation


You were on level 3 of the Dungeon.
You were a hulking beast.
You visited 1 branch of the dungeon, and saw 4 of its levels.

You collected 97 gold pieces.

Inventory:

Armour
 f - a scarf of harm
 i - a scarf of invisibility
Talismans
 b - a beast talisman
 c - a flux talisman
Scrolls
 d - a scroll of fog {unknown}
 g - 2 scrolls of identify {unknown}
 j - a scroll of revelation {unknown}
 n - a scroll of fear {unknown}
Potions
 a - 2 potions of lignification
 e - 2 potions of degeneration {unknown}
 h - a potion of cancellation {unknown}
 k - a potion of berserk rage {unknown}
 l - a potion of mutation {unknown}
 m - a potion of resistance {unknown}


   Skills:
 - Level 1.1 Fighting
 - Level 1.7 Dodging
 + Level 3.9 Unarmed Combat
 + Level 3.8 Shapeshifting


You had 2 spell levels left.
You didn't know any spells.
Your spell library contained the following spells:

 Spells                   Type           Power      Damage    Failure   Level
 Apportation              Tloc           0%         N/A       36%         1
 Summon Small Mammal      Summ           0%         N/A       36%         1
 Jinxbite                 Hex            0%         N/A       50%         2
 Poisonous Vapours        Pois/Air       0%         N/A       50%         2
 Call Canine Familiar     Summ           0%         N/A       75%         3
 Mephitic Cloud           Conj/Pois/Air  0%         N/A       75%         3
 Summon Guardian Golem    Hex/Summ       0%         N/A       75%         3
 Summon Lightning Spire   Summ/Air       0%         N/A       98%         4
 Alistair's Intoxication  Tmut/Pois      0%         N/A       100%        5
 Freezing Cloud           Conj/Ice/Air   0%         6-21      100%        5
 Lee's Rapid Deconstruct  Erth           0%         3d4*      100%        5
 Animate Armour           Summ/Erth      Unusable   N/A       N/A         4

Dungeon Overview and Level Annotations

Branches:
Dungeon (4/15)
 Temple: D:4-7

Altars:
Makhleb
Okawaru
Sif Muna
Zin

Shops:
D:1 ?


Innate Abilities, Weirdness & Mutations

You are a hulking beast.
Your limbs bulge with bestial killing power. (Slay +2)
Your plain brown scales are hard. (AC +5)
You cannot fit into any form of body armour.
You are cold-blooded and may be slowed by cold attacks.


Message History

You barely miss the ice beast.
Your tail-slap misses the ice beast.
The ice beast is lightly wounded.
The goblin hits you but does no damage.
The hobgoblin splashes around in the water.
The ice beast hits you. The ice beast freezes you.
You feel yourself slow down. The goblin hits you but does no damage.
You feel yourself speed up. The goblin closely misses you.
You closely miss the goblin.
Your tail-slap misses the goblin.
You hit the goblin.
You kill the goblin!
You hit the ice beast but do no damage.
The ice beast is lightly wounded.
The ice beast hits you but does no damage.
You hit the ice beast.
The ice beast is moderately wounded.
The ice beast hits you but does no damage.
You closely miss the ice beast.
The ice beast is moderately wounded.
The ice beast hits you but does no damage.
You hit the ice beast. You tail-slap the ice beast.
The ice beast is severely wounded.
The ice beast hits you. The ice beast freezes you.
You barely miss the ice beast.
The ice beast is severely wounded.
You hit the ice beast but do no damage.
The ice beast is severely wounded.
The ice beast hits you but does no damage.
You hit the ice beast but do no damage.
The ice beast is severely wounded.
The ice beast hits you. The ice beast freezes you!
You feel yourself slow down.
* * * LOW HITPOINT WARNING * * *
You completely miss the ice beast.
The ice beast is severely wounded.
The ice beast hits you but does no damage.
The ice beast hits you.
* * * LOW HITPOINT WARNING * * *
The ice beast freezes you!
Ouch! That really hurt!
You die...

....# ....# ....#
# ## ....# ##.#.#.
....# #~~~~~~###
....# _....g.gg#
....# #~~~~~~#g#
....#####.#.#.##Y#
#.......### ####h#
#.........#####..#
#...............##
#.........#######
#.........#
#.........#
..........#
#.........#
#####...###


You could see an ice beast, a gnoll and 2 hobgoblins.

Vanquished Creatures
  2 adders
  2 dart slugs
  6 ball pythons
  4 bats
  An endoplasm (D:1)
  6 giant cockroaches
  2 goblins
  A hobgoblin (D:3)
  A kobold (D:3)
  2 quokkas (D:1)
  2 frilled lizards (D:2)
  2 rats
31 creatures vanquished.

Notes
Turn   | Place    | Note
-------+----------+-------------------------------------------
     0 | D:1      | CowFu the Draconian Shapeshifter began the quest for the
                  | Orb.
     0 | D:1      | Reached XP level 1. HP: 16/16 MP: 1/1
   400 | D:1      | Reached XP level 2. HP: 19/23 MP: 2/2
   433 | D:1      | Found a faded altar of an unknown god.
   589 | D:1      | Found Ejuew's Magic Scroll Shoppe.
   937 | D:2      | Identified the +4 scale mail of Moral Flaws {rC+ Int+4}
  1008 | D:2      | Reached XP level 3. HP: 27/28 MP: 3/3
  1043 | D:2      | You fall into a shaft and drop 2 floors!
  1043 | D:3      | Identified the "Orueqel"
  1076 | D:3      | Found a glowing silver altar of Zin.
  1076 | D:3      | Noticed an angel
  1077 | D:3      | Found a burning altar of Makhleb.
  1078 | D:3      | Noticed a balrug
  1369 | D:3      | Found a shimmering blue altar of Sif Muna.
  1490 | D:3      | Noticed an ice beast
  1491 | D:3      | Found an iron altar of Okawaru.
  1507 | D:3      | Mangled by an ice beast

Illustrated notes

Levels and vault maps discovered:
D:1:      psy_arrival_spokes, layout_basic, serial_shops, shop,
          shapermc_ecumenical_altar_gd, moated_statue,
          chequers_serial_rivers_large_b, minmay_misc_feat_iff
D:2:      minmay_alternating_diamond, layout_loops_ring
D:3:      layout_rooms, grunt_temple_overflow_order_and_chaos_2, led_sif_book,
          okawaru_altar_gauntlet_db
D:4:      layout_rooms, ebering_ghost_sewer_f

Action                     || total
---------------------------++-------
  Melee: Unarmed           ||    94
         Tailslap          ||     6
         Punch             ||     1
   Stab: Sleeping          ||     1
 Armour: Skin              ||    51
  Dodge: Dodged            ||    52

Table legend: (Time is in decaauts)
 A = Elapsed time spent in this place.
 B = Non-inter-level travel time spent in this place.
 C = Inter-level travel time spent in this place.
 D = Time resting spent in this place.
 E = Time spent auto-exploring this place.
 F = Levels seen in this place.
 G = Mean time per level.
                   A        B        C        D        E       F      G
               +--------+--------+--------+--------+--------+-----+--------+
         Total |   1549 |   1514 |     35 |      0 |   1270 |   4 |  387.2 |
       Dungeon |   1549 |   1514 |     35 |      0 |   1270 |   4 |  387.2 |
               +--------+--------+--------+--------+--------+-----+--------+

Top non-repeatable levels by time:
     D:1: 934 daAuts
     D:3: 456 daAuts
     D:2: 154 daAuts
     D:4: 4 daAuts
